 Dungeon Crawl Stone Soup version 0.30.1-11-g7821555f0a (webtiles) character file.

Game seed: 6424783243280185639

49 Glitchless the Trooper (level 3, 0/24 HPs)
             Began as a Gargoyle Berserker on Dec 9, 2023.
             Was a Follower of Trog.
             Slain by Sigmund
             ... wielding a +0 scythe
              (4 damage)
             ... on level 2 of the Dungeon.
             The game lasted 00:01:44 (853 turns).

Glitchless the Trooper (Gargoyle Berserker)          Turns: 853, Time: 00:01:45

Health: 0/24       AC:  5    Str: 22    XL:     3   Next: 77%
Magic:  3/3        EV: 12    Int:  7    God:    Trog [*.....]
Gold:   17         SH:  0    Dex:  9    Spells: 2/2 levels left

rFire   . . .        a - +0 mace
rCold   . . .        (no shield)
rNeg    + . .        b - +0 animal skin
rPois   ∞            (no helmet)
rElec   +            (no cloak)
rCorr   .            (no gloves)
SInv    .            (no boots)
Will    .....        (no amulet)
Stlth   +            (no ring)
HPRegen 0.24/turn    (no ring)
MPRegen 0.08/turn

%: no passive effects
@: confused
A: sickness immunity, AC +3, negative energy resistance 1, electricity
resistance, torment resistance 1, petrification resistance
a: Renounce Religion, Berserk


You were on level 2 of the Dungeon.
You worshipped Trog.
Trog was aware of your devotion.
You visited 1 branch of the dungeon, and saw 2 of its levels.

You collected 17 gold pieces.

Inventory:

Hand Weapons
 a - a +0 mace (weapon)
Missiles
 c - 3 boomerangs (quivered)
Armour
 b - a +0 animal skin (worn)
Jewellery
 d - a ring of magical power
Scrolls
 f - a scroll of teleportation


   Skills:
 * Level 3.7 Fighting
 * Level 3.6 Maces & Flails
 * Level 0.7 Throwing
 * Level 2.4 Armour
 * Level 2.0 Dodging


You had 2 spell levels left.
You didn't know any spells.
Your spell library was empty.

Dungeon Overview and Level Annotations

Branches:
Dungeon (2/15)

Altars:
The Shining One

Annotations:
D:2 Sigmund


Innate Abilities, Weirdness & Mutations

You are immune to sickness and miasma.
Your stone body is resilient. (AC +3)
You are immune to poison.
You resist negative energy. (rN+)
You are resistant to electric shocks. (rElec)
You are resistant to unholy torment.
You are immune to petrification.


Message History

Jessica blinks!
You hit Jessica.
You kill Jessica!
Trog accepts your kill.
Trog appreciates your killing of a magic user.
Your Dodging skill increases to level 2!
No target in view!
HP restored.
Sigmund the Dreaded comes into view.
He is wielding a +0 scythe.
Sigmund shouts!
Sigmund casts a spell.
Sigmund flickers and vanishes!
Deactivating autopickup; reactivate with Ctrl-A.
No target in view!
There is a strange disturbance nearby!
Something hits you. Something hits you but does no damage.
You hit something but do no damage. Something barely misses you.
You closely miss something. You closely miss something.
Your punch misses something. Something hits you but does no damage.
You barely miss something.
You hear some strange, mumbled words.
A magic dart appears from out of thin air!
The magic dart hits you.
You barely miss something. Something hits you but does no damage.
You hit something. Something hits you but does no damage.
You miss something. Something hits you!
You closely miss something. Something hits you!
* * * LOW HITPOINT WARNING * * *
You sock something! You barely miss something.
You hear some strange, mumbled words.
You are confused.
Something hits you but does no damage.
You bump into the rock wall.
You miss something. Something hits you.
* * * LOW HITPOINT WARNING * * *
You closely miss something. Something hits you.
You die...

.#. ... #.# #.#
#### #.# ##8.8 #.#
##..<† #{# #..†..
#@# #####...###
#.# #..#8.8# # #.#
#..##+###
#.######.......###
#.................
########.....).###
#.......#
#.......#
####.####


There were no monsters in sight!

Vanquished Creatures
  Jessica (D:2)
  An adder (D:2)
  2 bats (D:1)
  An endoplasm (D:1)
  2 hobgoblins (D:1)
  A quokka (D:1)
  4 frilled lizards
  2 goblins (D:1)
  3 rats (D:1)
17 creatures vanquished.

Notes
Turn   | Place    | Note
-------+----------+-------------------------------------------
     0 | D:1      | Glitchless the Gargoyle Berserker began the quest for the
                  | Orb.
     0 | D:1      | Reached XP level 1. HP: 14/14 MP: 1/1
   193 | D:1      | Reached XP level 2. HP: 8/19 MP: 2/2
   333 | D:1      | Found a glowing golden altar of the Shining One.
   765 | D:2      | Reached XP level 3. HP: 23/23 MP: 3/3
   777 | D:2      | Noticed Jessica
   787 | D:2      | Killed Jessica
   836 | D:2      | Noticed Sigmund
   853 | D:2      | Slain by Sigmund

Illustrated notes

Levels and vault maps discovered:
D:1:      dpeg_arrival_lava_altar, layout_loops_ring
D:2:      layout_loops_ring, basic_altar, grunt_ministairs_8,
          minmay_nonomino_d4, uniq_terence, uniq_jessica, uniq_sigmund

Skill      XL: |  1  2  3 |
---------------+----------+-----
Dodging        | 2 |  2.0
Fighting       | |  3.7
Maces & Flails | |  3.6
Throwing       | |  0.7
Armour         | |  2.4

Action                     || total
---------------------------++-------
  Melee: Mace              ||    76
    Use: Scroll            ||     1
   Stab: Sleeping          ||     1
 Armour: Animal skin       ||    70
  Dodge: Dodged            ||    85
